| TOP OF THE 1ST |
|
Bowie Baysox batting - Pitching for Jackson Generals : RHP Tom Graham
|
|
Pitching: RHP Tom Graham
|
|
|
Batting: RHB Rudo Garciaparra
|
0-0: SINGLE (Groundball, 34S, EV 62.5 MPH) (infield hit)
|
|
Batting: RHB Chase Cassidy
|
0-0: Ball 1-0: Ball Rudo Garciaparra steals 2nd base (no throw) 2-0: Foul Ball, location: 2F 2-1: Swinging Strike 2-2: Ball 3-2: TRIPLE (Flyball, 8LXD, EV 88.1 MPH) Rudo Garciaparra scores
|
|
Batting: RHB Dermott Neill
|
0-0: Called Strike 0-1: Foul Ball, location: 2F 0-2: Ball 1-2: Strikes out looking
|
|
Batting: SHB Tony Pantaleon
|
0-0: Ball 1-0: Ball 2-0: Ball 3-0: Called Strike 3-1: Swinging Strike 3-2: Fly out, F8 (Flyball, 78D, EV 100.0 MPH) Runner from 3rd tags up, SCORES, throw by CF
|
|
Batting: RHB Andy Chess
|
0-0: Foul Ball, location: 2F 0-1: Foul Ball, location: 2F 0-2: Ground out 6-3 (Groundball, 6, EV 85.6 MPH)
|
| Top of the 1st over - 2 runs, 2 hits, 0 errors, 0 left on base; Bowie 2 - Jackson 0 |
| BOTTOM OF THE 1ST |
|
Jackson Generals batting - Pitching for Bowie Baysox : RHP Travis Tovey
|
|
Pitching: RHP Travis Tovey
|
|
|
Batting: LHB Jerrod Cluck
|
0-0: Ground out 6-3 (Groundball, 6S, EV 83.1 MPH)
|
|
Batting: LHB Ignacio Bernal
|
0-0: Called Strike 0-1: SINGLE (Line Drive, 6MD, EV 95.0 MPH)
|
|
Batting: LHB Tom Reynolds
|
0-0: Ball Ignacio Bernal steals 2nd base 1-0: Called Strike 1-1: Ball 2-1: Fly out, F8 (Line Drive, 8LD, EV 93.8 MPH)
|
|
Batting: LHB Dwain Ashford
|
0-0: Called Strike 0-1: Ground out 5-3 (Groundball, 5L, EV 101.2 MPH)
|
| Bottom of the 1st over - 0 runs, 1 hit, 0 errors, 1 left on base; Bowie 2 - Jackson 0 |
| TOP OF THE 2ND |
|
Bowie Baysox batting - Pitching for Jackson Generals : RHP Tom Graham
|
|
Batting: SHB Justin Toth
|
0-0: Ball 1-0: Called Strike 1-1: Ball 2-1: Foul Ball, location: 2F 2-2: Strikes out looking
|
|
Batting: RHB Longfellow Wetzler
|
0-0: Called Strike 0-1: Foul Ball, location: 2F 0-2: Ground out 6-3 (Groundball, 6, EV 78.8 MPH)
|
|
Batting: RHB Ashton Holloway
|
0-0: Ball 1-0: Called Strike 1-1: Fly out, F6 (Popup, 6, EV 56.9 MPH)
|
| Top of the 2nd over - 0 runs, 0 hits, 0 errors, 0 left on base; Bowie 2 - Jackson 0 |
| BOTTOM OF THE 2ND |
|
Jackson Generals batting - Pitching for Bowie Baysox : RHP Travis Tovey
|
|
Batting: RHB Harutomi Matsubara
|
0-0: Swinging Strike 0-1: Swinging Strike 0-2: Foul Ball, location: 2F 0-2: Strikes out swinging
|
|
Batting: LHB Justin Long
|
0-0: Ball 1-0: Fly out, F6 (Flyball, 56D, EV 83.1 MPH)
|
|
Batting: RHB Brad Robidas
|
0-0: Ball 1-0: Ball 2-0: Fly out, F9 (Flyball, 9S, EV 80.0 MPH)
|
| Bottom of the 2nd over - 0 runs, 0 hits, 0 errors, 0 left on base; Bowie 2 - Jackson 0 |
| TOP OF THE 3RD |
|
Bowie Baysox batting - Pitching for Jackson Generals : RHP Tom Graham
|
|
Batting: RHB Danny Merrill
|
0-0: Fly out, F7 (Flyball, 7S, EV 85.6 MPH)
|
|
Batting: RHB Rudo Garciaparra
|
0-0: Ball 1-0: Called Strike 1-1: Foul Ball, location: 2F 1-2: Ball 2-2: Strikes out swinging
|
|
Batting: RHB Chase Cassidy
|
0-0: Ball 1-0: Foul Ball, location: 2F 1-1: Ball 2-1: Swinging Strike 2-2: Ball 3-2: Strikes out looking
|
| Top of the 3rd over - 0 runs, 0 hits, 0 errors, 0 left on base; Bowie 2 - Jackson 0 |
| BOTTOM OF THE 3RD |
|
Jackson Generals batting - Pitching for Bowie Baysox : RHP Travis Tovey
|
|
Batting: RHB Micah Roth
|
0-0: Swinging Strike 0-1: Ball 1-1: Called Strike 1-2: Ball 2-2: Ball 3-2: Foul Ball, location: 2F 3-2: SINGLE (Groundball, 56, EV 108.8 MPH) (infield hit)
|
|
Batting: RHB Jesus Torres
|
0-0: Fielders Choice at 2nd, 1-4 (Groundball, 25, EV 66.2 MPH)
|
|
Batting: LHB Jerrod Cluck
|
0-0: Ball 1-0: Called Strike Jesus Torres steals 2nd base 1-1: Ball 2-1: Ground out 3-1 (Groundball, 34S, EV 77.5 MPH) Jesus Torres to third
|
|
Batting: LHB Ignacio Bernal
|
0-0: Called Strike 0-1: Ball 1-1: 2-RUN HOME RUN (Flyball, 9D, EV 99.4 MPH), Distance : 374 ft
|
|
Batting: LHB Tom Reynolds
|
0-0: Ground out 5-3 (Groundball, 56, EV 81.9 MPH)
|
| Bottom of the 3rd over - 2 runs, 2 hits, 0 errors, 0 left on base; Bowie 2 - Jackson 2 |
| TOP OF THE 4TH |
|
Bowie Baysox batting - Pitching for Jackson Generals : RHP Tom Graham
|
|
Batting: RHB Dermott Neill
|
0-0: Called Strike 0-1: Swinging Strike 0-2: Strikes out looking
|
|
Batting: SHB Tony Pantaleon
|
0-0: Called Strike 0-1: Called Strike 0-2: Strikes out swinging
|
|
Batting: RHB Andy Chess
|
0-0: Swinging Strike 0-1: Ball 1-1: Fly out, F8 (Flyball, 8LD, EV 88.8 MPH)
|
| Top of the 4th over - 0 runs, 0 hits, 0 errors, 0 left on base; Bowie 2 - Jackson 2 |
| BOTTOM OF THE 4TH |
|
Jackson Generals batting - Pitching for Bowie Baysox : RHP Travis Tovey
|
|
Batting: LHB Dwain Ashford
|
0-0: Foul Ball, location: 2F 0-1: Ball 1-1: Foul Ball, location: 2F 1-2: SOLO HOME RUN (Flyball, 9LD, EV 95.0 MPH), Distance : 350 ft
|
|
Batting: RHB Harutomi Matsubara
|
0-0: Ball 1-0: Called Strike 1-1: Foul Ball, location: 2F 1-2: Fly out, F8 (Flyball, 89D, EV 105.0 MPH)
|
|
Batting: LHB Justin Long
|
0-0: Called Strike 0-1: Ball 1-1: Foul Ball, location: 2F 1-2: Ball 2-2: Strikes out looking
|
|
Batting: RHB Brad Robidas
|
0-0: Swinging Strike 0-1: Ground out 4-3 (Groundball, 4, EV 105.6 MPH)
|
| Bottom of the 4th over - 1 run, 1 hit, 0 errors, 0 left on base; Bowie 2 - Jackson 3 |
| TOP OF THE 5TH |
|
Bowie Baysox batting - Pitching for Jackson Generals : RHP Tom Graham
|
|
Batting: SHB Justin Toth
|
0-0: Called Strike 0-1: Foul Ball, location: 2F 0-2: Ball 1-2: Ball 2-2: Ball 3-2: Strikes out swinging
|
|
Batting: RHB Longfellow Wetzler
|
0-0: Foul Ball, location: 2F 0-1: Foul Ball, location: 2F 0-2: Strikes out swinging
|
|
Batting: RHB Ashton Holloway
|
0-0: Called Strike 0-1: Foul Ball, location: 2F 0-2: Ball 1-2: Ball 2-2: Ground out 6-3 (Groundball, 6, EV 89.4 MPH)
|
| Top of the 5th over - 0 runs, 0 hits, 0 errors, 0 left on base; Bowie 2 - Jackson 3 |
| BOTTOM OF THE 5TH |
|
Jackson Generals batting - Pitching for Bowie Baysox : RHP Travis Tovey
|
|
Batting: RHB Micah Roth
|
0-0: Foul Ball, location: 2F 0-1: Ball 1-1: Ball 2-1: Ground out U3 (Groundball, 3, EV 91.9 MPH)
|
|
Batting: RHB Jesus Torres
|
0-0: Called Strike 0-1: Called Strike 0-2: Foul Ball, location: 2F 0-2: Strikes out swinging
|
|
Batting: LHB Jerrod Cluck
|
0-0: Ball 1-0: Ground out 1-3 (Groundball, 15S, EV 65.6 MPH)
|
| Bottom of the 5th over - 0 runs, 0 hits, 0 errors, 0 left on base; Bowie 2 - Jackson 3 |
| TOP OF THE 6TH |
|
Bowie Baysox batting - Pitching for Jackson Generals : RHP Tom Graham
|
|
Batting: RHB Danny Merrill
|
0-0: Called Strike 0-1: Foul Ball, location: 2F 0-2: Ball 1-2: Strikes out swinging
|
|
Pitching: LHP Matt Purke Jr.
|
|
|
Batting: RHB Rudo Garciaparra
|
0-0: Ball 1-0: SINGLE (Groundball, 56D, EV 97.5 MPH)
|
|
Batting: RHB Chase Cassidy
|
0-0: Ball Rudo Garciaparra is caught stealing 2nd base 2-4 1-0: Swinging Strike 1-1: Foul Ball, location: 2F 1-2: Fly out, F7 (Flyball, 7D, EV 83.8 MPH)
|
| Top of the 6th over - 0 runs, 1 hit, 0 errors, 0 left on base; Bowie 2 - Jackson 3 |
| BOTTOM OF THE 6TH |
|
Jackson Generals batting - Pitching for Bowie Baysox : RHP Travis Tovey
|
|
Batting: LHB Ignacio Bernal
|
0-0: Ball 1-0: Ball 2-0: Foul Ball, location: 2F 2-1: Ball 3-1: Foul Ball, location: 2F 3-2: Base on Balls
|
|
Batting: LHB Tom Reynolds
|
0-0: Called Strike Ignacio Bernal steals 2nd base 0-1: Ball 1-1: Called Strike 1-2: Ball 2-2: Strikes out swinging
|
|
Batting: LHB Dwain Ashford
|
0-0: Ball Ignacio Bernal steals 3rd base 1-0: Ball 2-0: Ground out U3 (Groundball, 34, EV 85.0 MPH)
|
|
Batting: RHB Harutomi Matsubara
|
0-0: SINGLE (Line Drive, 9LS, EV 93.1 MPH) Ignacio Bernal scores
|
|
Batting: LHB Justin Long
|
0-0: Ball Harutomi Matsubara steals 2nd base 1-0: Foul Ball, location: 2F 1-1: Ball 2-1: Foul Ball, location: 2F 2-2: Strikes out looking
|
| Bottom of the 6th over - 1 run, 1 hit, 0 errors, 1 left on base; Bowie 2 - Jackson 4 |
| TOP OF THE 7TH |
|
Bowie Baysox batting - Pitching for Jackson Generals : LHP Matt Purke Jr.
|
|
Batting: RHB Dermott Neill
|
0-0: Ball 1-0: Ball 2-0: Swinging Strike 2-1: Ball 3-1: Fly out, F7 (Flyball, 78S, EV 84.4 MPH)
|
|
Batting: SHB Tony Pantaleon
|
0-0: Called Strike 0-1: Foul Ball, location: 2F 0-2: Ball 1-2: Ball 2-2: DOUBLE (Line Drive, 3D, EV 100.0 MPH)
|
|
Batting: RHB Andy Chess
|
0-0: Called Strike 0-1: Foul Ball, location: 2F 0-2: Ball 1-2: Ball 2-2: Ground out 6-3 (Groundball, 6, EV 102.5 MPH)
|
|
Pitching: RHP Kurt Loscalzo
|
|
|
Batting: SHB Justin Toth
|
0-0: Ball 1-0: Foul Ball, location: 2F 1-1: Fly out, F4 (Popup, 3S, EV 75.6 MPH)
|
| Top of the 7th over - 0 runs, 1 hit, 0 errors, 1 left on base; Bowie 2 - Jackson 4 |
| BOTTOM OF THE 7TH |
|
Jackson Generals batting - Pitching for Bowie Baysox : RHP Travis Tovey
|
|
Batting: RHB Brad Robidas
|
0-0: Foul Ball, location: 2F 0-1: Ground out 3-1 (Groundball, 34, EV 100.0 MPH)
|
|
Batting: RHB Micah Roth
|
0-0: SINGLE (Line Drive, 8LM, EV 93.8 MPH)
|
|
Batting: RHB Jesus Torres
|
0-0: Called Strike 0-1: Fielders Choice at 2nd, 6-4 (Groundball, 6D, EV 104.4 MPH)
|
|
Batting: LHB Jerrod Cluck
|
0-0: Ball 1-0: Ball Jesus Torres steals 2nd base 2-0: Called Strike 2-1: Ground out U3 (Groundball, 34, EV 81.9 MPH)
|
| Bottom of the 7th over - 0 runs, 1 hit, 0 errors, 1 left on base; Bowie 2 - Jackson 4 |
| TOP OF THE 8TH |
|
Bowie Baysox batting - Pitching for Jackson Generals : RHP Kurt Loscalzo
|
|
Batting: RHB Longfellow Wetzler
|
0-0: Ball 1-0: Ball 2-0: Called Strike 2-1: Called Strike 2-2: Strikes out swinging
|
|
Batting: RHB Ashton Holloway
|
0-0: Ball 1-0: Called Strike 1-1: Foul Ball, location: 2F 1-2: Ground out 4-3 (Groundball, 4, EV 98.1 MPH)
|
|
Batting: RHB Danny Merrill
|
0-0: Called Strike 0-1: Ball 1-1: Ground out 4-3 (Groundball, 4, EV 86.2 MPH)
|
| Top of the 8th over - 0 runs, 0 hits, 0 errors, 0 left on base; Bowie 2 - Jackson 4 |
| BOTTOM OF THE 8TH |
|
Jackson Generals batting - Pitching for Bowie Baysox : RHP Travis Tovey
|
|
Batting: LHB Ignacio Bernal
|
0-0: Ball 1-0: Ball 2-0: SINGLE (Line Drive, 9S, EV 108.1 MPH)
|
|
Pitching: LHP Justin Hinton
|
|
|
Batting: LHB Tom Reynolds
|
0-0: Foul Ball, location: 2F 0-1: Ball 1-1: Called Strike Ignacio Bernal steals 2nd base 1-2: Ball 2-2: Foul Ball, location: 2F 2-2: Ball 3-2: Fly out, F8 (Flyball, 8RD, EV 81.2 MPH) Runner from 2nd tags up, OUT at 3rd! 8-5
|
|
Batting: LHB Dwain Ashford
|
0-0: Ball 1-0: Ground out 4-3 (Groundball, 4S, EV 84.4 MPH)
|
| Bottom of the 8th over - 0 runs, 1 hit, 0 errors, 0 left on base; Bowie 2 - Jackson 4 |
| TOP OF THE 9TH |
|
Bowie Baysox batting - Pitching for Jackson Generals : RHP Kurt Loscalzo
|
|
Pitching: RHP Victor Cervantes
|
|
|
Now at 1B: Cliff Thomas
|
|
|
Batting: RHB Rudo Garciaparra
|
0-0: Ground out 6-3 (Groundball, 6, EV 87.5 MPH)
|
|
Batting: RHB Chase Cassidy
|
0-0: Foul Ball, location: 2F 0-1: Ball 1-1: Ball 2-1: Swinging Strike 2-2: Ball 3-2: Base on Balls
|
|
Batting: RHB Dermott Neill
|
0-0: Ball 1-0: Foul Ball, location: 2F 1-1: Swinging Strike 1-2: Foul Ball, location: 2F 1-2: Ball 2-2: Strikes out swinging
|
|
Batting: SHB Tony Pantaleon
|
0-0: Ball 1-0: Called Strike 1-1: Ball 2-1: Foul Ball, location: 2F 2-2: Foul Ball, location: 2F 2-2: Strikes out looking
|
| Top of the 9th over - 0 runs, 0 hits, 0 errors, 1 left on base; Bowie 2 - Jackson 4 |
|